[ AOE2 MATCH · #481904914 ]
Team RMBurgundians vs Tupi
[ REPLAY ANALYSIS · EXTRACTED FROM THE RECORDED GAME ]
Feudal
12:04
Castle
15:59
Imperial
—
| APM avg | 18.9 |
| APM peak | 43 |
| eAPM avg | 10.4 |
| Villagers / military | 44 / 7 |
Focus
⚔️ 15.8% · 🌾 84.2%
Knight ×4 · Skirmisher ×2 · Cavalry Archer ×1
Feudal
10:20
Castle
—
Imperial
—
| APM avg | 23.8 |
| APM peak | 50 |
| eAPM avg | 15.4 |
| Villagers / military | 53 / 19 |
Focus
⚔️ 21.5% · 🌾 78.5%
Serjeant ×19
Feudal
11:00
Castle
16:04
Imperial
—
| APM avg | 20.0 |
| APM peak | 41 |
| eAPM avg | 12.1 |
| Villagers / military | 36 / 9 |
Focus
⚔️ 36.7% · 🌾 63.3%
Unknown (2582) ×5 · Monk ×4 · Battering Ram ×3 · Fishing Ship ×2 · Mangonel ×2
Feudal
13:23
Castle
—
Imperial
—
| APM avg | 19.4 |
| APM peak | 40 |
| eAPM avg | 11.1 |
| Villagers / military | 49 / 0 |
Focus
⚔️ 10.2% · 🌾 89.8%
Match map
Initial resources + every placement click. Lines = walls · curves = elevation contours. ◆ gold · ⬟ stone · ● berries · ✦ relic · ◌ wall gap
Your base· ✓ Closed at 15:59 · 6t walls · no gate
hitman47's base· ✓ Closed at 12:00 · 7t walls · 1 gate(s)
Suchy's base· ✓ Closed at 16:04 · 7t walls · no gate
Pizzaboy's base· ✓ Closed at 12:00 · 11t walls · no gate
Smoothed initial terrain · ◌ = detected wall gap · hover for details
Inputs per minute
— CryAndDie - - hitman47
Build order — CryAndDie
94 actions detected in the replay
| 0:01 | Create | Villager (Male) |
| 0:01 | Create | Villager (Male) |
| 0:01 | Create | Villager (Male) |
| 0:03 | Build | House |
| 0:04 | Build | House |
| 0:58 | Create | Villager (Male) |
| 1:25 | Create | Villager (Male) |
| 1:58 | Build | Lumber Camp |
| 1:59 | Create | Villager (Male) |
| 2:27 | Create | Villager (Male) |
| 2:48 | Create | Villager (Male) |
| 3:06 | Create | Villager (Male) |
| 3:36 | Create | Villager (Male) |
| 4:08 | Build | House |
| 4:09 | Build | House |
| 4:11 | Build | House |
| 4:20 | Create | Villager (Male) |
| 4:28 | Build | Mill |
| 4:54 | Create | Villager (Male) |
| 4:55 | Create | Villager (Male) |
| 5:03 | Build | Palisade Wall |
| 5:04 | Build | Palisade Wall |
| 5:08 | Build | Palisade Wall |
| 5:34 | Create | Villager (Male) |
| 5:55 | Create | Villager (Male) |
| 6:08 | Research | Double-Bit Axe |
| 6:20 | Create | Villager (Male) |
| 6:37 | Build | Farm |
| 6:55 | Build | Farm |
| 6:57 | Create | Villager (Male) |
| 7:18 | Create | Villager (Male) |
| 7:40 | Create | Villager (Male) |
| 7:40 | Create | Villager (Male) |
| 7:41 | Create | Villager (Male) |
| 7:42 | Create | Villager (Male) |
| 8:00 | Create | Villager (Male) |
| 9:16 | Build | Mining Camp |
| 9:54 | Research | Feudal Age |
| 10:04 | Build | Mill |
| 10:11 | Build | Barracks |
| 10:14 | Build | House |
| 10:41 | Create | Villager (Male) |
| 10:41 | Create | Villager (Male) |
| 10:42 | Create | Villager (Male) |
| 12:04 | Age | Feudal Age |
| 12:07 | Build | Archery Range |
| 12:16 | Build | Blacksmith |
| 13:17 | Research | Castle Age |
| 13:36 | Research | Horse Collar |
| 13:56 | Research | Heavy Plow |
| 14:11 | Research | Bow Saw |
| 14:40 | Build | Farm |
| 14:41 | Build | Farm |
| 14:43 | Build | Farm |
| 14:44 | Build | Farm |
| 14:46 | Build | Farm |
| 14:48 | Build | Farm |
| 14:49 | Build | Farm |
| 15:03 | Research | Stone Mining |
| 15:39 | Research | Wheelbarrow |
| 15:59 | Age | Castle Age |
| 16:03 | Build | Town Center |
| 16:14 | Build | Town Center |
| 16:23 | Research | Town Watch |
| 16:28 | Build | Farm |
| 16:31 | Build | Farm |
| 16:38 | Build | Farm |
| 16:56 | Create | Villager (Male) |
| 17:13 | Create | Skirmisher |
| 17:13 | Create | Skirmisher |
| 17:16 | Create | Cavalry Archer |
| 17:28 | Research | Padded Archer Armor |
| 17:29 | Create | Villager (Male) |
| 17:30 | Create | Villager (Male) |
| 17:50 | Build | Stable |
| 17:52 | Create | Villager (Male) ×3 |
| 18:27 | Create | Villager (Male) ×3 |
| 18:39 | Build | House |
| 18:39 | Build | House |
| 18:39 | Build | House |
| 18:40 | Build | House |
| 19:12 | Research | Gold Mining |
| 19:13 | Create | Knight |
| 19:17 | Create | Villager (Male) |
| 19:18 | Create | Villager (Male) |
| 19:22 | Build | House |
| 19:22 | Build | House |
| 19:30 | Create | Villager (Male) |
| 19:43 | Create | Knight |
| 20:10 | Create | Knight |
| 20:11 | Create | Villager (Male) |
| 20:33 | Create | Knight |
| 20:35 | Create | Villager (Male) |
| 21:10 | Create | Villager (Male) ×4 |
Build order — hitman47
119 actions detected in the replay
| 0:01 | Create | Villager (Male) |
| 0:01 | Create | Villager (Male) |
| 0:01 | Create | Villager (Male) |
| 0:02 | Build | House |
| 0:04 | Build | House |
| 0:05 | Create | Villager (Male) |
| 0:05 | Create | Villager (Male) |
| 0:58 | Research | Loom |
| 1:02 | Create | Villager (Male) |
| 1:02 | Create | Villager (Male) |
| 1:42 | Build | House |
| 1:49 | Build | Palisade Wall |
| 1:58 | Build | Palisade Gate |
| 2:03 | Create | Villager (Male) |
| 2:03 | Create | Villager (Male) |
| 2:17 | Create | Villager (Male) |
| 2:18 | Create | Villager (Male) |
| 2:35 | Create | Villager (Male) |
| 3:10 | Create | Villager (Male) |
| 3:33 | Create | Villager (Male) |
| 3:54 | Create | Villager (Male) |
| 4:19 | Create | Villager (Male) |
| 4:20 | Create | Villager (Male) |
| 4:47 | Create | Villager (Male) |
| 4:54 | Build | Lumber Camp |
| 5:06 | Create | Villager (Male) |
| 5:58 | Create | Villager (Male) |
| 6:17 | Build | House |
| 6:22 | Create | Villager (Male) |
| 6:59 | Build | Mill |
| 7:45 | Create | Villager (Male) |
| 7:45 | Create | Villager (Male) |
| 7:57 | Research | Feudal Age |
| 8:42 | Build | Mining Camp |
| 9:11 | Build | Mining Camp |
| 9:17 | Create | Villager (Male) |
| 9:50 | Create | Villager (Male) |
| 9:59 | Build | Donjon |
| 10:20 | Age | Feudal Age |
| 10:28 | Create | Villager (Male) |
| 11:15 | Create | Serjeant |
| 11:15 | Create | Serjeant |
| 11:18 | Build | House |
| 11:31 | Create | Serjeant |
| 11:34 | Create | Villager (Male) |
| 11:38 | Create | Villager (Male) |
| 11:50 | Build | Barracks |
| 11:53 | Create | Villager (Male) |
| 11:57 | Create | Serjeant |
| 12:04 | Build | Donjon |
| 12:11 | Create | Serjeant |
| 12:14 | Create | Villager (Male) |
| 12:28 | Build | Farm |
| 12:30 | Create | Villager (Male) |
| 12:44 | Create | Serjeant |
| 12:47 | Create | Serjeant |
| 13:00 | Create | Villager (Male) |
| 13:11 | Create | Villager (Male) |
| 13:24 | Research | Arson |
| 13:25 | Research | Arson |
| 13:42 | Create | Serjeant |
| 13:42 | Create | Serjeant |
| 14:05 | Create | Serjeant |
| 14:05 | Create | Serjeant |
| 14:05 | Create | Serjeant |
| 14:11 | Build | Farm |
| 14:13 | Build | Farm |
| 14:16 | Build | Farm |
| 14:22 | Build | Farm |
| 14:24 | Build | Farm |
| 14:27 | Create | Villager (Male) |
| 14:56 | Create | Serjeant |
| 14:56 | Create | Serjeant |
| 14:58 | Create | Villager (Male) |
| 14:58 | Create | Villager (Male) |
| 15:03 | Build | Farm |
| 15:05 | Build | Farm |
| 15:39 | Create | Villager (Male) |
| 15:40 | Create | Villager (Male) |
| 15:41 | Build | Farm |
| 15:43 | Create | Villager (Male) |
| 15:55 | Create | Villager (Male) |
| 16:28 | Build | Donjon |
| 16:42 | Create | Villager (Male) |
| 16:47 | Build | Farm |
| 17:20 | Build | Farm |
| 17:23 | Create | Villager (Male) |
| 18:02 | Build | Farm |
| 18:03 | Build | Farm |
| 18:07 | Create | Villager (Male) |
| 18:15 | Create | Villager (Male) |
| 18:20 | Create | Serjeant |
| 18:20 | Create | Serjeant |
| 18:25 | Create | Villager (Male) |
| 18:28 | Build | Farm |
| 18:32 | Research | Double-Bit Axe |
| 18:35 | Build | House |
| 18:51 | Build | Stone Wall |
| 19:28 | Create | Villager (Male) |
| 19:28 | Create | Villager (Male) |
| 19:33 | Build | Farm |
| 19:33 | Build | Farm |
| 19:34 | Build | Farm |
| 19:47 | Build | Stone Wall |
| 20:00 | Create | Villager (Male) |
| 20:03 | Build | House |
| 20:03 | Build | House |
| 20:14 | Research | Wheelbarrow |
| 20:16 | Create | Villager (Male) |
| 20:23 | Create | Villager (Male) |
| 20:24 | Create | Villager (Male) |
| 20:26 | Research | Town Watch |
| 20:27 | Create | Villager (Male) |
| 20:34 | Build | Market |
| 20:39 | Build | Blacksmith |
| 20:51 | Create | Serjeant |
| 20:51 | Create | Serjeant |
| 20:51 | Create | Serjeant |
| 21:02 | Create | Villager (Male) |
Build order — Suchy
77 actions detected in the replay
| 0:00 | Create | Villager (Male) |
| 0:01 | Create | Villager (Male) |
| 0:01 | Create | Villager (Male) |
| 0:01 | Create | Villager (Male) |
| 0:01 | Create | Villager (Male) |
| 0:03 | Build | House |
| 0:04 | Build | House |
| 0:32 | Research | Loom |
| 0:33 | Create | Villager (Male) |
| 0:33 | Create | Villager (Male) |
| 0:33 | Create | Villager (Male) |
| 1:29 | Create | Villager (Male) |
| 1:40 | Build | Palisade Wall |
| 2:17 | Create | Villager (Male) |
| 2:54 | Create | Villager (Male) |
| 3:15 | Build | Settlement |
| 3:23 | Create | Villager (Male) |
| 3:47 | Create | Villager (Male) |
| 4:06 | Create | Villager (Male) |
| 4:36 | Create | Villager (Male) |
| 4:54 | Create | Villager (Male) |
| 5:04 | Create | Villager (Male) |
| 5:13 | Build | House |
| 5:18 | Create | Villager (Male) |
| 5:27 | Create | Villager (Male) |
| 6:02 | Create | Villager (Male) |
| 6:13 | Create | Villager (Male) |
| 6:39 | Create | Villager (Male) |
| 6:51 | Create | Villager (Male) |
| 7:18 | Create | Villager (Male) |
| 7:34 | Create | Villager (Male) |
| 7:41 | Build | Dock |
| 7:51 | Build | House |
| 8:00 | Build | Settlement |
| 8:06 | Create | Villager (Male) |
| 8:27 | Build | House |
| 8:50 | Research | Feudal Age |
| 9:04 | Create | Villager (Male) |
| 9:22 | Create | Villager (Male) |
| 9:56 | Create | Villager (Male) |
| 11:00 | Age | Feudal Age |
| 11:10 | Build | Market |
| 11:27 | Build | Blacksmith |
| 12:18 | Create | Fishing Ship |
| 13:24 | Research | Castle Age |
| 13:37 | Build | Settlement |
| 14:36 | Create | Villager (Male) |
| 14:55 | Build | Barracks |
| 15:04 | Create | Villager (Male) |
| 16:04 | Age | Castle Age |
| 16:08 | Build | Siege Workshop |
| 16:17 | Create | Unit 2582 |
| 16:18 | Create | Unit 2582 |
| 16:18 | Create | Unit 2582 |
| 16:37 | Create | Unit 2582 |
| 16:46 | Build | Monastery |
| 17:05 | Create | Battering Ram |
| 17:13 | Create | Mangonel |
| 17:16 | Create | Villager (Male) |
| 17:17 | Create | Villager (Male) |
| 17:26 | Create | Monk |
| 17:46 | Create | Villager (Male) |
| 17:50 | Create | Fishing Ship |
| 18:13 | Create | Battering Ram |
| 18:29 | Create | Monk |
| 18:32 | Build | House |
| 18:33 | Build | House |
| 18:34 | Build | House |
| 18:35 | Build | House |
| 18:37 | Create | Villager (Male) |
| 18:37 | Create | Villager (Male) |
| 18:58 | Build | Farm |
| 19:06 | Create | Unit 2582 |
| 19:29 | Create | Battering Ram |
| 20:15 | Create | Monk |
| 20:49 | Create | Mangonel |
| 21:17 | Create | Monk |
Build order — Pizzaboy
104 actions detected in the replay
| 0:02 | Build | House |
| 0:07 | Create | Villager (Male) |
| 0:07 | Create | Villager (Male) |
| 0:08 | Create | Villager (Male) |
| 0:08 | Create | Villager (Male) |
| 0:24 | Build | House |
| 0:29 | Research | Loom |
| 0:33 | Create | Villager (Male) |
| 0:34 | Create | Villager (Male) |
| 0:34 | Create | Villager (Male) |
| 1:39 | Build | Palisade Wall |
| 2:09 | Build | Lumber Camp |
| 2:34 | Create | Villager (Male) |
| 2:58 | Create | Villager (Male) |
| 3:29 | Create | Villager (Male) |
| 3:44 | Create | Villager (Male) |
| 4:16 | Build | House |
| 4:20 | Create | Villager (Male) |
| 4:42 | Create | Villager (Male) |
| 5:02 | Build | Mill |
| 5:05 | Create | Villager (Male) |
| 5:05 | Create | Villager (Male) |
| 5:40 | Create | Villager (Male) |
| 6:04 | Create | Villager (Male) |
| 6:21 | Build | House |
| 6:29 | Create | Villager (Male) |
| 7:09 | Create | Villager (Male) |
| 7:29 | Create | Villager (Male) |
| 7:58 | Create | Villager (Male) |
| 8:15 | Create | Villager (Male) |
| 8:35 | Build | House |
| 8:36 | Build | House |
| 8:37 | Build | House |
| 8:38 | Build | House |
| 8:49 | Create | Villager (Male) |
| 9:20 | Build | Mill |
| 9:23 | Create | Villager (Male) |
| 9:24 | Create | Villager (Male) |
| 10:07 | Create | Villager (Male) |
| 10:07 | Create | Villager (Male) |
| 10:25 | Build | Lumber Camp |
| 11:13 | Research | Feudal Age |
| 11:53 | Create | Villager (Male) |
| 13:23 | Age | Feudal Age |
| 13:29 | Build | Stone Wall |
| 13:39 | Build | Gate |
| 13:45 | Build | Stone Wall |
| 13:59 | Create | Villager (Male) |
| 13:59 | Create | Villager (Male) |
| 13:59 | Create | Villager (Male) |
| 13:59 | Create | Villager (Male) |
| 14:20 | Build | Stone Wall |
| 14:24 | Research | Horse Collar |
| 14:24 | Research | Horse Collar |
| 14:26 | Create | Villager (Male) |
| 14:26 | Create | Villager (Male) |
| 14:36 | Research | Double-Bit Axe |
| 14:36 | Research | Double-Bit Axe |
| 14:46 | Build | Stone Wall |
| 15:00 | Build | Mining Camp |
| 15:02 | Create | Villager (Male) |
| 15:34 | Build | Market |
| 15:35 | Build | Market |
| 15:41 | Build | Farm |
| 15:41 | Build | Farm |
| 15:41 | Build | Farm |
| 15:41 | Build | Farm |
| 15:42 | Build | Farm |
| 15:42 | Build | Farm |
| 15:42 | Build | Farm |
| 15:42 | Build | Farm |
| 16:16 | Build | Watch Tower |
| 16:55 | Create | Villager (Male) |
| 16:55 | Create | Villager (Male) |
| 17:02 | Build | House |
| 17:03 | Build | House |
| 17:05 | Build | House |
| 17:31 | Build | Watch Tower |
| 17:38 | Create | Villager (Male) |
| 17:55 | Build | House |
| 18:02 | Create | Villager (Male) |
| 18:24 | Create | Villager (Male) |
| 18:57 | Build | Barracks |
| 18:58 | Create | Villager (Male) |
| 19:19 | Create | Villager (Male) |
| 19:19 | Create | Villager (Male) |
| 19:51 | Create | Villager (Male) |
| 19:53 | Create | Villager (Male) |
| 19:55 | Build | Farm |
| 19:55 | Build | Farm |
| 19:55 | Build | Farm |
| 19:55 | Build | Farm |
| 19:56 | Build | Farm |
| 19:56 | Build | Farm |
| 19:56 | Build | Farm |
| 19:56 | Build | Farm |
| 19:57 | Build | Farm |
| 19:57 | Create | Villager (Male) |
| 20:24 | Build | Stone Wall |
| 20:32 | Create | Villager (Male) |
| 20:33 | Create | Villager (Male) |
| 21:08 | Build | Stone Wall |
| 21:09 | Create | Villager (Male) |
| 21:26 | Build | Archery Range |
Match timeline
| 1:39 | Pizzaboy · wall_segment Palisade Wall x11 |
| 1:40 | Suchy · wall_segment Palisade Wall x7 |
| 1:49 | hitman47 · wall_segment Palisade Wall x7 |
| 5:03 | CryAndDie · wall_segment Palisade Wall x3 |
| 5:04 | CryAndDie · wall_segment Palisade Wall x2 |
| 5:08 | CryAndDie · wall_segment Palisade Wall x2 |
| 7:41 | Suchy · first_building Dock |
| 9:59 | hitman47 · first_building Donjon |
| 10:11 | CryAndDie · first_building Barracks |
| 10:20 | hitman47 · age_up feudal |
| 11:00 | Suchy · age_up feudal |
| 11:50 | hitman47 · first_building Barracks |
| 12:04 | CryAndDie · age_up feudal |
| 12:07 | CryAndDie · first_building Archery Range |
| 13:23 | Pizzaboy · age_up feudal |
| 13:29 | Pizzaboy · wall_segment Stone Wall x9 |
| 13:45 | Pizzaboy · wall_segment Stone Wall x3 |
| 14:20 | Pizzaboy · wall_segment Stone Wall x11 |
| 14:46 | Pizzaboy · wall_segment Stone Wall x10 |
| 14:55 | Suchy · first_building Barracks |
| 15:59 | CryAndDie · age_up castle |
| 16:04 | Suchy · age_up castle |
| 16:08 | Suchy · first_building Siege Workshop |
| 16:46 | Suchy · first_building Monastery |
| 17:50 | CryAndDie · first_building Stable |
| 18:51 | hitman47 · wall_segment Stone Wall x12 |
| 18:57 | Pizzaboy · first_building Barracks |
| 19:47 | hitman47 · wall_segment Stone Wall x10 |
| 20:24 | Pizzaboy · wall_segment Stone Wall x1 |
| 21:08 | Pizzaboy · wall_segment Stone Wall x9 |
| 21:23 | CryAndDie · resign |
| 21:26 | Pizzaboy · first_building Archery Range |
[ AI ANALYSIS · 1 CREDIT ]
What really happened in this match?
Wolo.gg analyzes every decision: build order, eco, micro, common mistakes by bracket. Personalized analysis on WhatsApp or Discord in 30 seconds.
Civ guide
Burgundians
Map guide
Black Forest
Perfil
CryAndDie